 Dungeon Crawl Stone Soup version 0.18.1-8-gdd0e5ea (webtiles) character file.

3771 manyhoops the Blocker (level 10, 0/79 HPs)
             Began as a Formicid Fighter on May 21, 2016.
             Was a Believer of Makhleb.
             Slain by a large abomination (24 damage)
             ... on level 1 of the Abyss.
             The game lasted 00:16:23 (8395 turns).

manyhoops the Blocker (Formicid Fighter)            Turns: 8395, Time: 00:16:24

Health: 0/79       AC: 13    Str: 26    XL:     10   Next: 38%
Magic:  10/10      EV: 14    Int: 10    God:    Makhleb [**....]
Gold:   700        SH: 13    Dex: 15    Spells: 0 memorised, 9 levels left

rFire  + . .     SeeInvis +     m - +1 war axe (chop)
rCold  . . .     Gourm    .     g - +0 chain mail
rNeg   . . .     Faith    .     c - +0 shield
rPois  .         Spirit   .     (helmet unavailable)
rElec  .         Dismiss  .     i - +0 cloak
rCorr  .         Reflect  .     q - +0 pair of gloves
SustAt .         Harm     .     (no boots)
MR     +....                    (no amulet)
Stlth  ..........               y - ring of protection from fire
                                n - +2 ring of strength

@: agile, somewhat resistant to hostile enchantments, extremely unstealthy
A: permanent stasis, dig shafts and tunnels, four strong arms, antennae 3,
clever 1
a: Dig, Shaft Self, Minor Destruction, Renounce Religion


You were on level 1 of the Abyss.
You worshipped Makhleb.
Makhleb was pleased with you.
You were hungry.

You visited 2 branches of the dungeon, and saw 10 of its levels.
You visited the Abyss 1 time.

You collected 700 gold pieces.

Inventory:

Hand Weapons
 m - a +1 war axe of chopping (weapon)
Armour
 c - a +0 shield (worn)
 g - a +0 chain mail (worn)
 i - a +0 cloak (worn)
 q - a +0 pair of gloves (worn)
Jewellery
 n - a +2 ring of strength (left hand)
 r - an uncursed ring of flight
 t - an uncursed ring of resist corrosion
 y - a ring of protection from fire (right hand)
 F - an uncursed ring of fire
Wands
 b - a wand of flame (16/48)
 B - a wand of iceblast (4/15)
 C - a wand of teleportation (4/9)
Scrolls
 a - a scroll of fog
 j - a scroll of random uselessness
 k - 4 scrolls of remove curse
 o - a scroll of noise
 s - 2 scrolls of recharging
 u - 3 scrolls of magic mapping
 z - a scroll of enchant weapon
 J - a scroll of torment {unknown}
Potions
 d - a potion of invisibility {unknown}
 e - a potion of curing
 h - a potion of resistance
 p - 2 potions of cure mutation
 w - 2 potions of haste
 x - a potion of flight
 A - a potion of lignification
 E - a potion of brilliance {unknown}
 I - a potion of ambrosia
Miscellaneous
 G - a plain deck of summoning
Comestibles
 f - 3 bread rations
 v - 2 meat rations
 D - 22 fruits


   Skills:
 + Level 7.4 Fighting
 + Level 7.2 Axes
 + Level 7.6 Armour
 - Level 2.1 Dodging
 * Level 10.8 Shields


You had 9 spell levels left.
You didn't know any spells.

Dungeon Overview and Level Annotations

Branches:
Dungeon (9/15)             Temple (1/1) D:6            Lair (0/8) D:9
    Orc: D:9-12

Altars:
Ashenzari
Cheibriados
Dithmenos
Elyvilon
Fedhas
Gozag
Kikubaaqudgha
Makhleb
Nemelex Xobeh
Okawaru
Qazlal
Ru
Sif Muna
Trog
Vehumet
Xom
Yredelemnul
Zin
The Shining One


Innate Abilities, Weirdness & Mutations

You are under a permanent stasis effect.
You can dig through walls and to a lower floor.
Your four strong arms can wield two-handed weapons with a shield.
You have a pair of large antennae on your head (SInv).
Your mind is acute. (Int +2)


Message History

Zapping:
B - a wand of iceblast (will waste charges)
Press: ? - help, Shift-Dir - straight line The mass of ice explodes!
The iceblast engulfs the large abomination.
The large abomination is lightly damaged.
The iceblast engulfs the thrashing horror.
The thrashing horror partially resists.
The thrashing horror is moderately damaged.
Evoking this partially-identified wand wasted a few charges.
The thrashing horror tramples you but does no damage.
You block the thrashing horror's attack.
You block the large abomination's attack.
You feel better.
The thrashing horror roars!
You block the large abomination's attack.
You feel better.
You block the thrashing horror's attack. x3
The thrashing horror tramples you.
You hold your ground!
The large abomination hits you!!
You die...

.#..... ## #
.##. .#......#
. #. #.#.. .#
...... ..#...#
... ####.#.#W
### #.#.
#....##.#..#
.##.X.##
.#.#.#.# ##.
#.#....##..###
..#
#.#.####..##@#
.. # . .
##.WXX# .#
#.#.. #...## .
.#... #.## . #
#.. ##. #.# #.
# .#.. ..#. #
#


You could see a thrashing horror, a large abomination and a freezing wraith.

Vanquished Creatures
  A troll (D:9)
  Sigmund (D:4)
  2 wyverns (D:8)
  2 hungry ghosts
  A water moccasin (D:8)
  Duvessa (D:4)
  2 sky beasts
  The ghost of HungrySpirit the Ruffian, an amateur TrSk (D:3)
  5 ogres
  An ice beast (D:6)
  A wasp (D:8)
  5 centaurs
  2 giant frogs (D:6)
  A gnoll sergeant (D:9)
  Dowan (D:4)
  A killer bee (D:8)
  4 howler monkeys
  A jelly (D:6)
  A quasit (D:8)
  5 hounds
  4 orc priests
  A giant frog skeleton (D:5)
  4 orc wizards
  2 iguanas
  A centaur skeleton (D:5)
  3 worker ants
  Robin (D:2)
  5 gnolls
  7 adders
  4 shadow imps
  An ufetubus (Abyss:1)
  2 oozes
  An adder skeleton (D:5)
  7 worms
  A dart slug (D:2)
  4 giant geckos
  11 orcs
  A ball python (D:4)
  6 giant cockroaches
  2 gnoll zombies (D:8)
  10 hobgoblins
  16 jackals
  5 kobolds
  3 quokkas
  12 bats
  A giant gecko skeleton (D:4)
  9 giant newts
  16 goblins
  3 rats
182 creatures vanquished.

Notes
Turn   | Place    | Note
--------------------------------------------------------------
     0 | D:1      | manyhoops the Formicid Fighter began the quest for the Orb.
     0 | D:1      | Reached XP level 1. HP: 18/18 MP: 1/1
   230 | D:1      | Reached XP level 2. HP: 22/24 MP: 2/2
   302 | D:1      | Reached skill level 4 in Shields
   419 | D:1      | Reached XP level 3. HP: 29/30 MP: 3/3
   836 | D:2      | Found a glowing golden altar of the Shining One.
   888 | D:2      | Found a sparkling altar of Nemelex Xobeh.
   889 | D:2      | Found a radiant altar of Vehumet.
   889 | D:2      | Found a stormy altar of Qazlal.
   991 | D:2      | Noticed Robin
   996 | D:2      | Reached XP level 4. HP: 36/37 MP: 4/4
  1007 | D:2      | Killed Robin
  1373 | D:2      | Found a sacrificial altar of Ru.
  1491 | D:2      | Reached XP level 5. HP: 42/42 MP: 5/5
  1832 | D:3      | Found an opulent altar of Gozag.
  2070 | D:3      | Noticed HungrySpirit's ghost (amateur TrSk)
  2100 | D:3      | Killed HungrySpirit's ghost
  2100 | D:3      | Reached skill level 5 in Shields
  2100 | D:3      | Reached XP level 6. HP: 49/49 MP: 6/6
  2258 | D:3      | Noticed a sky beast
  2276 | D:3      | Gained mutation: You have sharp toenails. [potion of mutation]
  2276 | D:3      | Gained mutation: Your mind is acute. (Int +2) [potion of mutation]
  2276 | D:3      | Lost mutation: You have sharp toenails. [potion of mutation]
  2283 | D:3      | Killed a sky beast
  2283 | D:3      | Reached skill level 1 in Dodging
  2527 | D:3      | Reached XP level 7. HP: 53/55 MP: 7/7
  3089 | D:4      | Noticed Sigmund
  3097 | D:4      | Killed Sigmund
  3097 | D:4      | Reached skill level 6 in Shields
  3261 | D:4      | Reached skill level 5 in Armour
  3302 | D:4      | Noticed Dowan
  3304 | D:4      | Noticed Duvessa
  3312 | D:4      | Killed Duvessa
  3312 | D:4      | Reached skill level 5 in Fighting
  3374 | D:4      | Killed Dowan
  3374 | D:4      | Reached XP level 8. HP: 37/62 MP: 8/8
  3809 | D:5      | Entered Level 5 of the Dungeon
  3849 | D:5      | Reached skill level 7 in Shields
  4978 | D:6      | Reached skill level 5 in Axes
  5236 | D:6      | Found a staircase to the Ecumenical Temple.
  5304 | D:6      | Found an ancient bone altar of Kikubaaqudgha.
  5304 | D:6      | Found a bloodstained altar of Trog.
  5557 | D:6      | Reached XP level 9. HP: 67/69 MP: 9/9
  5586 | Temple   | Entered the Ecumenical Temple
  5610 | Temple   | Became a worshipper of Makhleb the Destroyer
  5669 | D:6      | Reached skill level 8 in Shields
  5789 | D:6      | Found a shimmering altar of Xom.
  6343 | D:7      | Reached * piety under Makhleb
  6753 | D:8      | Reached skill level 9 in Shields
  7166 | D:8      | Found a basalt altar of Yredelemnul.
  7294 | D:8      | Reached XP level 10. HP: 54/79 MP: 10/10
  7302 | D:8      | Found a sparkling altar of Nemelex Xobeh.
  7492 | D:8      | Reached skill level 10 in Shields
  7615 | D:8      | Found a blossoming altar of Fedhas.
  8204 | D:9      | Reached ** piety under Makhleb
  8233 | D:9      | Found a staircase to the Lair.
  8272 | D:9      | Cast into level 1 of the Abyss (gnoll)
  8273 | Abyss:1  | Noticed an eye of devastation
  8275 | Abyss:1  | Noticed a catoblepas
  8275 | Abyss:1  | Noticed a rakshasa
  8275 | Abyss:1  | Noticed a thrashing horror
  8275 | Abyss:1  | Noticed an unseen horror
  8276 | Abyss:1  | Noticed a smoke demon
  8316 | Abyss:1  | Noticed a large abomination
  8346 | Abyss:1  | Noticed a thrashing horror
  8382 | Abyss:1  | Noticed a freezing wraith
  8395 | Abyss:1  | Slain by a large abomination

Skill      XL: |  1  2  3  4  5  6  7  8  9 10 |
---------------+-------------------------------+-----
Shields        | 4 5 6 7 9 10 | 10.8
Fighting       | 4 5 7 |  7.4
Armour         | 4 5 6 7 |  7.6
Axes           | 3 4 5 6 7 |  7.2
Dodging        | 1 2 |  2.1

Action                   |  1- 3 |  4- 6 |  7- 9 | 10-12 || total
-------------------------+-------+-------+-------+-------++-------
Melee: War axe           |    68 |   197 |   389 |    78 ||   732
 Abil: Dig               |     1 |       |       |       ||     1
Evoke: Wand              |       |       |       |     1 ||     1
  Use: Scroll            |     1 |       |    15 |       ||    16
       Potion            |       |     8 |     1 |     4 ||    13
 Stab: Distracted        |       |       |     1 |       ||     1
  Eat: Chunk             |       |     5 |    17 |     4 ||    26
       Pizza             |       |       |     3 |       ||     3
       Meat ration       |       |       |     1 |       ||     1
       Royal jelly       |       |       |     1 |       ||     1
       Bread ration      |       |       |       |     1 ||     1
Armor: Chain mail        |    39 |   134 |   185 |    55 ||   413
       Scale mail        |     1 |       |       |       ||     1
Dodge: Dodged            |     9 |    60 |   142 |    47 ||   258
Block: Shield            |    32 |   154 |   214 |    92 ||   492
